 Dungeon Crawl Stone Soup version 0.31-a0-344-gd109795599 (webtiles) character file.

Game seed: 13307837375360164407

226 Hubris850 the Trooper (level 6, 0/55 HPs)
             Began as a Hill Orc Fighter on July 21, 2023.
             Slain by an iguana (7 damage)
             ... on level 4 of the Dungeon.
             The game lasted 00:06:38 (3035 turns).

Hubris850 the Trooper (Hill Orc Fighter)            Turns: 3035, Time: 00:06:38

Health: 0/55       AC:  7    Str: 21    XL:     6   Next: 1%
Magic:  6/6        EV: 10    Int:  8    God:
Gold:   193        SH:  4    Dex: 10    Spells: 5/5 levels left

rFire   . . .        a - +0 war axe
rCold   . . .        c - +0 buckler
rNeg    . . .        b - +0 scale mail
rPois   .            (no helmet)
rElec   .            (no cloak)
rCorr   .            (no gloves)
SInv    .            (no boots)
Will    .....        (no amulet) Stlth
                     (no ring)
HPRegen 0.29/turn    (no ring)
MPRegen 0.10/turn

%: no passive effects
@: no status effects
A: no striking features
a: no special abilities


You were on level 4 of the Dungeon.
You visited 1 branch of the dungeon, and saw 4 of its levels.
You also visited: Sewer.

You collected 193 gold pieces.

Inventory:

Hand Weapons
 a - a +0 war axe (weapon)
 q - a +2 heavy hand axe
Missiles
 f - 3 silver javelins (quivered)
 m - 6 atropa-tipped darts
Armour
 b - a +0 scale mail (worn)
 c - a +0 buckler (worn)
Jewellery
 h - a ring of wizardry
 r - a ring of ice
 s - a ring of fire
Scrolls
 e - 5 scrolls of identify {unknown}
 g - a scroll of blinking {unknown}
 j - a scroll of revelation {unknown}
 l - a scroll of enchant armour {unknown}
 n - 3 scrolls of noise {unknown}
 o - a scroll of immolation {unknown}
 p - 2 scrolls of amnesia {unknown}
 t - 2 scrolls of teleportation
Potions
 d - a potion of might
 i - 4 potions of curing {unknown}
 k - 5 potions of enlightenment
 u - a potion of haste {unknown}


   Skills:
 + Level 4.8 Fighting
 + Level 4.2 Axes
 + Level 4.2 Armour
 + Level 1.9 Dodging
 + Level 4.3 Shields


You had 5 spell levels left.
You didn't know any spells.
Your spell library was empty.

Dungeon Overview and Level Annotations

Branches:
Dungeon (4/15)              Sewer (visited)
 Temple: D:4-7

Altars:
Zin

Shops:
D:2 !   D:4 *


Message History

You barely miss the iguana. You closely miss the hobgoblin.
The iguana closely misses you. The hobgoblin closely misses you.
A goblin comes into view. It is wielding a +0 quarterstaff.
You completely miss the iguana. You closely miss the hobgoblin.
The iguana bites you! The hobgoblin hits you.
You hit the iguana.
The iguana is lightly wounded.
You hit the hobgoblin. You block the hobgoblin's attack.
The iguana bites you but does no damage.
The hobgoblin hits you but does no damage.
The iguana barely misses you.
You slash the hobgoblin!
You kill the hobgoblin!
You closely miss the goblin. You closely miss the iguana. The iguana bites you!
The goblin barely misses you.
You hit the iguana but do no damage.
The iguana is lightly wounded.
You slash the goblin!
You kill the goblin!
You block the iguana's attack.
You barely miss the iguana.
The iguana is lightly wounded.
The iguana bites you. The iguana bites you!
You are too injured to fight recklessly!
You are too injured to fight recklessly!
You are too injured to fight recklessly!
You are too injured to fight recklessly!
You completely miss the iguana.
The iguana is lightly wounded.
The iguana bites you.
You hit the iguana.
The iguana is heavily wounded.
The iguana bites you!
* * * LOW HITPOINT WARNING * * *
You hit the iguana.
The iguana is severely wounded.
The iguana bites you.
* * * LOW HITPOINT WARNING * * *
The iguana bites you!
You die...

.# #... .##
#....
..#####....
.........
......#
#....#
.#####)†l##
....)..@..#
..........##
########...#
##..# #..#
#..# ##..#
##..##
######
###..##


You could see an iguana.

Vanquished Creatures
  A sickly merfolk siren (Sewer)
  A malarious merfolk avatar (Sewer)
  5 adders
  3 river rats
  3 worms
  A dart slug (D:1)
  3 orcs (D:3)
  4 endoplasms
  5 giant cockroaches
  8 goblins
  10 hobgoblins
  8 quokkas
  7 ball pythons
  4 bats
  5 frilled lizards
  8 kobolds
  22 rats
98 creatures vanquished.

Notes
Turn   | Place    | Note
-------+----------+-------------------------------------------
     0 | D:1      | Hubris850 the Hill Orc Fighter began the quest for the Orb.
     0 | D:1      | Reached XP level 1. HP: 19/19 MP: 1/1
    93 | D:1      | Reached XP level 2. HP: 27/27 MP: 2/2
   271 | D:1      | Reached XP level 3. HP: 33/33 MP: 3/3
   698 | D:2      | Found Hajigriw's Distillery.
  1369 | D:3      | Reached skill level 1 in Dodging
  1458 | D:3      | Reached XP level 4. HP: 14/40 MP: 4/4
  2174 | D:4      | Found Zin's Purification Station.
  2174 | D:4      | Found a glowing silver altar of Zin.
  2233 | D:4      | Reached XP level 5. HP: 19/47 MP: 5/5
  2325 | D:4      | Found a glowing drain.
  2350 | Sewer    | Entered a sewer
  2923 | D:4      | Reached XP level 6. HP: 31/53 MP: 6/6
  3035 | D:4      | Slain by an iguana

Illustrated notes

Levels and vault maps discovered:
D:1:      wander_arrival_desolate, layout_basic
D:2:      layout_loops_corners, serial_shops, nicolae_shop_industrial_runoff
D:3:      layout_loops_cross
D:4:      layout_layer_cave, lemuel_crystal_altar, zin_purify,
          gup_sewer_entry_bubbles

Skill      XL: |  1  2  3  4  5 |
---------------+----------------+-----
Axes           | 3 4 |  4.2
Fighting       | 4 |  4.8
Dodging        | 1 |  1.9
Shields        | 4 |  4.3
Armour         | 4 |  4.2

Action                     |  1- 3 |  4- 6 || total
---------------------------+-------+-------++-------
  Melee: War axe           |   116 |   192 ||   308
  Throw: Javelin           |     2 |     3 ||     5
    Use: Potion            |       |     2 ||     2
 Armour: Scale mail        |    59 |    58 ||   117
  Dodge: Dodged            |    46 |    89 ||   135
  Block: Buckler           |    32 |    40 ||    72

Table legend: (Time is in decaauts)
 A = Elapsed time spent in this place.
 B = Non-inter-level travel time spent in this place.
 C = Inter-level travel time spent in this place.
 D = Time resting spent in this place.
 E = Time spent auto-exploring this place.
 F = Levels seen in this place.
 G = Mean time per level.
                   A        B        C        D        E       F      G
               +--------+--------+--------+--------+--------+-----+--------+
         Total |   3207 |   3127 |     80 |    192 |   2090 |   5 |  641.4 |
       Dungeon |   2829 |   2749 |     80 |    192 |   1985 |   4 |  707.2 |
         Sewer |    377 |    377 |      0 |      0 |    105 |   1 |  377.0 |
               +--------+--------+--------+--------+--------+-----+--------+

Top non-repeatable levels by time:
     D:3: 939 daAuts
     D:2: 785 daAuts
     D:4: 605 daAuts
     D:1: 499 daAuts
   Sewer: 377 daAuts
